 Dungeon Crawl Stone Soup version 0.30.1-4-g462c640d31 (webtiles) character file.

Game seed: 17383847622051730115

26 safid the Chiller (level 3, -7/26 HPs)
             Began as a Merfolk Ice Elementalist on Aug 31, 2023.
             Mangled by a gnoll
             ... wielding a +0 whip
              (9 damage)
             ... on level 2 of the Dungeon.
             The game lasted 00:01:02 (931 turns).

safid the Chiller (Merfolk Ice Elementalist)         Turns: 931, Time: 00:01:03

Health: -7/26      AC:  2    Str:  8    XL:     3   Next: 8%
Magic:  6/6        EV: 12    Int: 16    God:
Gold:   52         SH:  0    Dex: 14    Spells: 2/6 levels left

rFire   . . .        o - +0 spear
rCold   . . .        (no shield)
rNeg    . . .        a - +0 robe
rPois   .            (no helmet)
rElec   .            (no cloak)
rCorr   .            (no gloves)
SInv    .            (no boots)
Will    .....        (no amulet)
Stlth   ++           f - ring of wizardry
HPRegen 0.24/turn    (no ring)
MPRegen 0.10/turn

%: wizardry (x1)
@: no status effects
A: (nimble swimmer 2), mertail
a: no special abilities


You were on level 2 of the Dungeon.
You visited 1 branch of the dungeon, and saw 2 of its levels.

You collected 52 gold pieces.

Inventory:

Hand Weapons
 o - a +0 spear (weapon)
Armour
 a - a +0 robe (worn)
Jewellery
 f - a ring of wizardry (left hand)
Scrolls
 c - 2 scrolls of teleportation {unknown}
 g - a scroll of enchant weapon {unknown}
 h - a scroll of noise {unknown}
 l - a scroll of identify {unknown}
Potions
 b - a potion of magic
 e - a potion of degeneration {unknown}
 i - a potion of mutation {unknown}
 j - a potion of ambrosia {unknown}
 k - a potion of haste {unknown}
 m - a potion of curing {unknown}
 n - 2 potions of cancellation {unknown}


   Skills:
 + Level 1.4 Fighting
 - Level 2.6 Dodging
 - Level 2.1 Stealth
 + Level 2.4 Spellcasting
 + Level 4.7 Ice Magic


You had 2 spell levels left.
You knew the following spells:

 Your Spells              Type           Power      Damage    Failure   Level
a - Freeze                Ice            68%        1d8       1%          1
b - Frozen Ramparts       Ice            34%        1d6       3%          3

Your spell library contained the following spells:

 Spells                   Type           Power      Damage    Failure   Level
 Ozocubu's Armour         Ice            17%        N/A       3%          3
 Summon Ice Beast         Ice/Summ       9%         N/A       28%         4


Dungeon Overview and Level Annotations

Branches:
Dungeon (2/15)

Altars:


Innate Abilities, Weirdness & Mutations

((You are very nimble when in or above water. (Stealth+, EV+, Speed+++)))
Your lower body shifts to a powerful aquatic tail in water.


Message History

The hobgoblin shouts!
A gnoll comes into view. It is wielding a +0 whip.
You reach to attack!
You barely miss the hobgoblin.
The hobgoblin hits you but does no damage.
A gnoll comes into view. It is wielding a +0 halberd.
You closely miss the hobgoblin. The hobgoblin barely misses you.
You hit the hobgoblin.
The hobgoblin is moderately wounded.
The hobgoblin completely misses you.
A gnoll comes into view. It is wielding a +0 club.
The gnoll shouts!
You hit the hobgoblin but do no damage.
The hobgoblin is moderately wounded.
The hobgoblin closely misses you.
You barely miss the hobgoblin.
The hobgoblin is moderately wounded.
The hobgoblin hits you but does no damage.
A gnoll comes into view. It is wielding a +0 club.
You hit the hobgoblin.
The hobgoblin is almost dead.
The gnoll hits you with a +0 whip.
The gnoll hits you from afar with a +0 halberd.
The hobgoblin misses you.
You barely miss the hobgoblin.
The hobgoblin is almost dead.
The gnoll closely misses you. x2; The hobgoblin hits you.
You hit the hobgoblin.
You kill the hobgoblin!
The gnoll barely misses you. The gnoll misses you.
You barely miss the gnoll. The gnoll hits you with a +0 whip.
The gnoll hits you from afar with a +0 halberd.
The gnoll barely misses you.
You are too injured to fight recklessly!
You are too injured to fight recklessly!
You are too injured to fight recklessly!
Unknown command.
The gnoll attacks as you move away! The gnoll hits you with a +0 club.
* * * LOW HITPOINT WARNING * * *
The gnoll hits you with a +0 whip!
You die...

#.##.######........?..
#..#......#........#
###?..####..........#
#.........##........# #
#...................#
#.#.......!?##........#
...$.>......##<.?.....#
##.........##........#
##.....g@...##........#
#...ggg.....###########
............#
..#.........#
#.........# ###########


You could see 4 gnolls.

Vanquished Creatures
  3 dart slugs (D:1)
  An endoplasm (D:2)
  4 giant cockroaches (D:1)
  A goblin (D:1)
  2 hobgoblins
  A kobold (D:1)
  A ball python (D:1)
  A bat (D:1)
  4 frilled lizards
  2 rats (D:1)
20 creatures vanquished.

Notes
Turn   | Place    | Note
-------+----------+-------------------------------------------
     0 | D:1      | safid the Merfolk Ice Elementalist began the quest for the
                  | Orb.
     0 | D:1      | Reached XP level 1. HP: 13/13 MP: 3/3
   159 | D:1      | Reached XP level 2. HP: 19/20 MP: 0/5
   238 | D:1      | Reached skill level 1 in Fighting
   900 | D:2      | Reached XP level 3. HP: 24/26 MP: 6/6
   904 | D:2      | Learned a level 3 spell: Frozen Ramparts
   931 | D:2      | Mangled by a gnoll

Illustrated notes

Levels and vault maps discovered:
D:1:      dpeg_arrival_central, layout_basic, minmay_distorted
D:2:      layout_rooms, hangedman_glass_teeth, uniq_sigmund

Skill      XL: |  1  2 |
---------------+-------+-----
Fighting       | 1 |  1.4
Dodging        | |  2.6
Stealth        | |  2.1
Spellcasting   | |  2.4
Ice Magic      | |  4.7

Action                     || total
---------------------------++-------
  Melee: Unarmed           ||    10
         Club              ||    28
         Spear             ||    18
   Cast: Freeze            ||    20
   Stab: Sleeping          ||     1
 Armour: Robe              ||    10
  Dodge: Dodged            ||    45
